 Dungeon Crawl Stone Soup version 0.21.0-3-g78d12a8 (webtiles) character file.

20132 pie21 the Severer (level 12, -2/115 HPs)
             Began as a Hill Orc Monk on Jan 9, 2018.
             Was a High Priest of Beogh.
             Slain by an enormous slime creature (73 damage)
             ... on level 12 of the Dungeon.
             The game lasted 01:07:03 (18279 turns).

pie21 the Severer (Hill Orc Monk)                  Turns: 18279, Time: 01:07:03

Health: -2/115     AC: 27    Str: 19    XL:     12   Next: 76%
Magic:  12/12      EV:  5    Int: 10    God:    Beogh [*****.]
Gold:   407        SH:  0    Dex: 14    Spells: 11/11 levels left

rFire    . . .     SeeInvis .   b - +2 war axe (flame)
rCold    + . .     Gourm    .   (no shield)
rNeg     . . .     Faith    .   F - +0 crystal plate armour
rPois    .         Spirit   .   v - +0 helmet
rElec    .         Reflect  .   p - +0 cloak {MR+}
rCorr    .         Harm     .   V - +1 pair of gloves {Dex+3}
MR       +....                  (no boots)
Stlth    ..........             I - amulet of regeneration
HPRegen  0.69/turn              o - ring of protection from cold
MPRegen  0.13/turn              (no ring)

@: no status effects
A: walk on water, talons 1, clumsy 1
a: Smiting, Recall Orcish Followers, Give Item to Named Follower, Renounce
Religion


You were on level 12 of the Dungeon.
You worshipped Beogh.
Beogh was extremely pleased with you.
You were not hungry.

You visited 1 branch of the dungeon, and saw 12 of its levels.
You also visited: Ice Cave.

You collected 695 gold pieces.
You spent 288 gold pieces at shops.

Inventory:

Hand Weapons
 a - a +2 rapier of venom
 b - a +2 war axe of flaming (weapon)
 k - a +1 battleaxe of freezing
 s - a +0 hand axe
 w - a +3 morningstar of protection
 y - a +2 quarterstaff of chaos
 A - a +2 dagger of venom
 O - a +2 battleaxe of freezing
 W - a +1 arbalest of freezing
Missiles
 c - 340 stones (quivered)
Armour
 j - the +4 chain mail of Summertime {rCorr}
   (You found it in an ice cave)

   It protects you from acid and corrosion.
 p - a +0 cloak of magic resistance (worn)
 v - a +0 helmet (worn)
 F - a +0 crystal plate armour (worn)
 L - a +2 ring mail of positive energy
 V - a +1 pair of gloves of dexterity (worn)
Jewellery
 o - a ring of protection from cold (left hand)
 B - an uncursed ring of see invisible
 I - an amulet of regeneration (around neck)
 K - an uncursed ring of protection from magic
 R - an uncursed ring of ice
 T - an uncursed ring of magical power
Wands
 q - a wand of polymorph (15)
 C - a wand of enslavement (15)
 G - a wand of paralysis (14)
 H - a wand of digging (18)
 J - a wand of acid (6)
 N - a wand of iceblast (5)
 X - a wand of random effects (14)
Scrolls
 f - a scroll of amnesia
 h - 3 scrolls of teleportation
 i - 3 scrolls of remove curse
 n - 2 scrolls of enchant weapon {unknown}
 r - 3 scrolls of identify
 t - a scroll of silence {unknown}
 u - a scroll of magic mapping {unknown}
 x - a scroll of immolation {unknown}
 z - a scroll of noise {unknown}
 D - a scroll of fear {unknown}
 P - a scroll of holy word {unknown}
Potions
 d - 3 potions of brilliance
 l - 2 potions of heal wounds
 m - 3 potions of agility
 E - 3 potions of haste
 U - a potion of curing
 Y - a potion of lignification
 Z - a potion of flight
Books
 M - a book of Flames

   Spells                             Type                      Level
   a - Flame Tongue                   Conjuration/Fire             1
   b - Throw Flame                    Conjuration/Fire             2
   c - Conjure Flame                  Conjuration/Fire             3
   d - Inner Flame                    Hexes/Fire                   3
   e - Sticky Flame                   Conjuration/Fire             4
   f - Fireball                       Conjuration/Fire             5
 Q - a book of Minor Magic

   Spells                             Type                      Level
   a - Magic Dart                     Conjuration                  1
   b - Blink                          Translocation                2
   c - Call Imp                       Summoning                    2
   d - Slow                           Hexes                        2
   e - Conjure Flame                  Conjuration/Fire             3
   f - Mephitic Cloud                 Conjuration/Poison/Air       3
 S - a book of Callings

   Spells                             Type                      Level
   a - Summon Small Mammal            Summoning                    1
   b - Call Imp                       Summoning                    2
   c - Call Canine Familiar           Summoning                    3
   d - Summon Guardian Golem          Hexes/Summoning              3
   e - Summon Lightning Spire         Summoning/Air                4
   f - Summon Ice Beast               Ice/Summoning                4
Comestibles
 e - 13 rations
 g - 9 chunks of flesh


   Skills:
 + Level 13.4 Fighting
 * Level 16.5 Axes
 + Level 11.8 Armour
 - Level 3.1 Dodging
 - Level 2.6 Stealth


You had 11 spell levels left.
You didn't know any spells.

Dungeon Overview and Level Annotations

Branches:
Dungeon (12/15)            Temple (0/1) D:4            Lair (0/6) D:10
    Orc (0/2) D:10

Altars:
Cheibriados
Okawaru
Wu Jian
Yredelemnul

Shops:
D:6 =   D:7 *   D:8 !

Annotations:
D:4 Inarius's ghost, amateur DrIE; Menkaure


Innate Abilities, Weirdness & Mutations

You can walk on water.
You have sharp toenails.
You are clumsy. (Dex -2)


Message History

You slash the enormous slime creature! You burn the enormous slime creature.
You claw the enormous slime creature.
The enormous slime creature is moderately wounded.
The enormous slime creature hits you!!!
You hit the enormous slime creature. You burn the enormous slime creature.
You claw the enormous slime creature, but do no damage.
The enormous slime creature is moderately wounded.
Your orc warrior hits the enormous slime creature with a morningstar!
The enormous slime creature hits you.
Your orc warrior hits the enormous slime creature with a war axe of electrocution!
You slash the enormous slime creature! You burn the enormous slime creature.
You claw the enormous slime creature.
The enormous slime creature is heavily wounded.
Your orc priest casts a cantrip, but nothing happens.
Your crystal plate armour prevents you from hitting the enormous slime creature.
You claw the enormous slime creature.
The enormous slime creature is heavily wounded.
The enormous slime creature hits you!!!!
Ouch! That really hurt!
You die...

########+##### ## #............#
.# #............# .#
#o...........#
.####o...........# ####
o'oooooĆ·........o##....+
o####o.........ooJ..# o#
#..........o@# ## #.........ooo#
# #.........o..# #
##########o### # #..oo..<#
##o###############+####### #
###oooo.......##.o.......... #
#.ooo.>........#ooo.........
#####o#.........o..#ooo.(.......


You could see an enormous slime creature, a friendly orc knight, 2 friendly orc
warriors, 3 friendly orc priests, 2 friendly orc wizards and a friendly orc.

Vanquished Creatures
  A frost giant (IceCv)
  A hydra (D:12)
  A death yak (IceCv)
  An ice statue (IceCv)
  2 rime drakes (D:11)
  16 polar bears (IceCv)
  A troll (D:11)
  Prince Ribbit (D:5)
  A slime creature (D:12)
  A shadow (D:11)
  A meliai zombie (D:8)
  2 hogs (D:7)
  Eustachio (D:3)
  28 yaks
  A human (D:7)
  A hungry ghost (D:7)
  3 vampire mosquitoes (D:12)
  2 water moccasins (D:7)
  Duvessa (D:3)
  5 orc warriors
  A black bear (D:8)
  3 sky beasts
  4 ogres
  2 phantoms (D:5)
  15 wolves (IceCv)
  5 centaurs
  A crocodile (D:10)
  Blork the orc (D:6)
  A big kobold (D:6)
  A gnoll sergeant (D:8)
  3 bullfrogs
  A water moccasin zombie (D:5)
  Dowan (D:3)
  A scorpion (D:6)
  12 killer bees
  3 wights (D:11)
  3 howler monkeys
  4 crimson imps
  A centaur zombie (D:9)
  A bullfrog zombie (D:10)
  A jelly (D:12)
  2 quasits
  2 hounds
  2 orc priests
  A bullfrog skeleton (D:7)
  3 iguanas
  Crazy Yiuf (D:2)
  Jessica (D:2)
  Terence (D:2)
  4 orc wizards
  4 worker ants
  A hound skeleton (D:5)
  Robin (D:2)
  A gnoll (D:8)
  10 adders
  3 shadow imps
  An ooze (D:3)
  2 adder zombies
  An adder skeleton (D:4)
  9 worms
  A dart slug (D:2)
  4 leopard geckos
  31 orcs
  10 giant cockroaches
  10 hobgoblins
  17 jackals
  16 kobolds
  3 quokkas
  9 bats
  10 frilled lizards
  11 goblins
  A quokka skeleton (D:6)
  11 rats
  A spectral orc (D:5)
321 creatures vanquished.

Vanquished Creatures (collateral kills)
  The ghost of dobroeutro the Carver, a novice DsFi of Okawaru (D:9)
  Maurice (D:11)
  A hippogriff (D:9)
  3 yaks
  2 hogs (D:7)
  A hungry ghost (D:9)
  A vampire mosquito (D:12)
  An orc warrior (D:11)
  A sky beast (D:9)
  An ice beast (D:9)
  A hornet zombie (D:8)
  A necrophage (D:11)
  2 ogres (D:11)
  A wolf (IceCv)
  2 big kobolds
  A scorpion (D:10)
  2 killer bees (D:9)
  A crimson imp (D:9)
  A centaur skeleton (D:10)
  6 orc priests
  An orc wizard (D:12)
  2 worker ants
  2 adders
  3 gnolls (D:8)
  A leopard gecko (D:9)
  4 orcs
  A jackal (D:7)
  3 kobolds
48 creatures vanquished.

Vanquished Creatures (others)
  An orc warrior (IceCv)
  5 orc priests
  A crimson imp (D:5)
  3 orc wizards
  A worker ant (D:5)
  A worm (D:5)
  14 orcs
  A ball python skeleton (D:5)
27 creatures vanquished.

Grand Total: 396 creatures vanquished

Notes
Turn   | Place    | Note
-------+----------+-------------------------------------------
     0 | D:1      | pie21 the Hill Orc Monk began the quest for the Orb.
     0 | D:1      | Reached XP level 1. HP: 19/19 MP: 1/1
   203 | D:1      | Reached XP level 2. HP: 23/27 MP: 2/2
  1679 | D:2      | Reached XP level 3. HP: 33/33 MP: 3/3
  2340 | D:2      | Reached XP level 4. HP: 26/40 MP: 4/4
  2484 | D:2      | Noticed Terence
  2500 | D:2      | Killed Terence
  2693 | D:2      | Reached skill level 5 in Axes
  2696 | D:2      | Noticed Robin
  2704 | D:2      | Killed Robin
  2704 | D:2      | Reached XP level 5. HP: 44/47 MP: 5/5
  2811 | D:2      | Noticed Jessica
  2814 | D:2      | Killed Jessica
  2962 | D:2      | Found a runed door.
  3088 | D:2      | Reached skill level 1 in Armour
  3253 | D:2      | Noticed Crazy Yiuf
  3263 | D:2      | Killed Crazy Yiuf
  3346 | D:3      | Reached skill level 5 in Fighting
  3483 | D:3      | Reached XP level 6. HP: 55/56 MP: 6/6
  4040 | D:4      | Noticed Menkaure
  4139 | D:4      | Reached skill level 6 in Axes
  4283 | D:4      | Noticed Dowan
  4286 | D:4      | Noticed Duvessa
  4759 | D:4      | Noticed Eustachio
  4985 | D:3      | Killed Dowan
  4985 | D:3      | Reached XP level 7. HP: 52/62 MP: 7/7
  5180 | D:3      | Killed Eustachio
  5456 | D:4      | Found a staircase to the Ecumenical Temple.
  5524 | D:4      | Noticed Inarius's ghost (amateur DrIE)
  6397 | D:3      | Killed Duvessa
  6397 | D:3      | Reached skill level 7 in Axes
  6727 | D:5      | Entered Level 5 of the Dungeon
  7026 | D:5      | Reached XP level 8. HP: 66/71 MP: 8/8
  7121 | D:5      | Became a worshipper of Beogh the Brigand
  7121 | D:5      | Reached * piety under Beogh
  7121 | D:5      | Reached ** piety under Beogh
  7250 | D:4      | Reached skill level 5 in Armour
  7388 | D:5      | Reached skill level 8 in Axes
  7915 | D:5      | Found an ornate altar of the Wu Jian Council.
  8031 | D:5      | Found a basalt altar of Yredelemnul.
  8097 | D:5      | Noticed Prince Ribbit
  8176 | D:5      | Killed Prince Ribbit
  8534 | D:5      | Reached skill level 9 in Axes
  8661 | D:6      | Reached XP level 9. HP: 82/82 MP: 9/9
  9781 | D:6      | Noticed Blork the orc
  9792 | D:6      | Killed Blork the orc
 10077 | D:6      | Reached *** piety under Beogh
 10109 | D:6      | Found Timarusch's Jewellery Boutique.
 10461 | D:7      | Reached skill level 10 in Axes
 11219 | D:7      | Found Tirara's Serpentskin Sales.
 11371 | D:7      | Paralysed by fainting for 11 turns
 11749 | D:7      | Bought a +2 rapier of venom for 184 gold pieces
 11766 | D:7      | Reached skill level 10 in Fighting
 11766 | D:7      | Reached XP level 10. HP: 77/93 MP: 10/10
 11949 | D:7      | Reached skill level 11 in Axes
 12330 | D:8      | Found Suin's Distillery.
 12339 | D:8      | Bought a potion of curing for 39 gold pieces
 12339 | D:8      | Bought a potion of heal wounds for 65 gold pieces
 13083 | D:9      | Found a snail-covered altar of Cheibriados.
 13095 | D:9      | Found an iron altar of Okawaru.
 13145 | D:9      | Reached **** piety under Beogh
 13536 | D:9      | Noticed dobroeutro's ghost (novice DsFi)
 13550 | D:9      | Killed dobroeutro's ghost
 13827 | D:9      | Reached skill level 12 in Axes
 14184 | D:10     | Entered Level 10 of the Dungeon
 14250 | D:10     | Found a staircase to the Lair.
 14708 | D:10     | Reached XP level 11. HP: 99/102 MP: 11/11
 14770 | D:10     | Found a staircase to the Orcish Mines.
 15301 | D:11     | Reached ***** piety under Beogh
 15301 | D:11     | Reached skill level 13 in Axes
 15318 | D:11     | Gained Nordag as an ally
 15359 | D:11     | Reached skill level 10 in Armour
 15485 | D:11     | Noticed Maurice
 15682 | D:11     | Found a frozen archway.
 15716 | IceCv    | Entered an ice cave
 15846 | IceCv    | Noticed a death yak
 15869 | IceCv    | Killed a death yak
 15869 | IceCv    | Reached skill level 14 in Axes
 16230 | IceCv    | Reached XP level 12. HP: 111/113 MP: 12/12
 16239 | IceCv    | Reached skill level 15 in Axes
 16928 | IceCv    | Gained mutation: You are clumsy. (Dex -2) [potion of mutation]
 16928 | IceCv    | Gained mutation: You have sharp toenails. [potion of mutation]
 17165 | IceCv    | Got a crude chain mail
 17183 | IceCv    | Noticed a frost giant
 17199 | IceCv    | Killed a frost giant
 17319 | IceCv    | Reached skill level 16 in Axes
 17524 | D:11     | Identified the +4 chain mail of Summertime {rCorr} (You found it in an ice cave)
 17930 | D:11     | Killed Maurice
 18022 | D:12     | Noticed an eight-headed hydra
 18029 | D:12     | Killed a six-headed hydra
 18279 | D:12     | Slain by an enormous slime creature

Skill      XL: |  1  2  3  4  5  6  7  8  9 10 11 12 |
---------------+-------------------------------------+-----
Stealth        | 2 |  2.6
Fighting       | 4 5 6 8 10 11 12 13 | 13.4
Dodging        | 3 |  3.1
Axes           | 5 6 7 9 10 12 14 16 | 16.5
Armour         | 1 3 4 6 8 9 10 11 | 11.8

Action                   |  1- 3 |  4- 6 |  7- 9 | 10-12 || total
-------------------------+-------+-------+-------+-------++-------
Melee: Hand axe          |   131 |       |       |       ||   131
       Dagger            |    16 |    16 |     6 |       ||    38
       Morningstar       |       |   186 |   504 |       ||   690
       War axe           |       |       |    30 |   599 ||   629
       Rapier            |       |       |       |   136 ||   136
       Kick              |       |       |       |    71 ||    71
Throw: Stone             |    85 |    74 |    43 |     2 ||   204
Invok: Convert to Beogh  |       |       |     1 |       ||     1
       Recall Orcish Fol |       |       |       |     1 ||     1
  Use: Scroll            |     1 |     4 |     6 |     9 ||    20
       Potion            |       |       |     5 |     9 ||    14
 Stab: Sleeping          |     1 |     1 |     1 |       ||     3
       Distracted        |       |       |       |     1 ||     1
  Eat: Chunk             |     4 |     9 |    17 |    12 ||    42
       Ration            |       |       |     6 |     4 ||    10
Armor: Robe              |     6 |       |       |       ||     6
       Ring mail         |    31 |   123 |   185 |       ||   339
       Skin              |       |     8 |   104 |       ||   112
       Crystal plate arm |       |       |   353 |   624 ||   977
Dodge: Dodged            |    88 |   155 |   269 |   156 ||   668
